 Dungeon Crawl Stone Soup version 0.29-a0-364-g921d912d32 (webtiles) character file.

Game seed: 1818206985426104400

4809 benadryl the Arsonist (level 10, -2/91 HPs)
             Began as a Hill Orc Fire Elementalist on Apr 30, 2022.
             Was a Follower of Ashenzari.
             Slain by a boulder beetle (7 damage)
             ... on level 9 of the Dungeon.
             The game lasted 00:26:09 (13977 turns).

benadryl the Arsonist (Hill Orc Fire Elementalist) Turns: 13977, Time: 00:26:10

Health: -2/91      AC:  5    Str: 18    XL:     10   Next: 48%
Magic:  14/19      EV: 16    Int: 19    God:    Ashenzari [*.....]
Gold:   465        SH:  0    Dex: 11    Spells: 9/21 levels left

rFire   . . .      SeeInvis .   e - +4 dagger "Ruined Limitation" {elec, Alch, Elem} (curse)
rCold   . . .      Faith    .   (no shield)
rNeg    . . .      Spirit   .   a - +0 robe
rPois   .          Reflect  .   z - +0 helmet
rElec   .          Harm     .   (no cloak)
rCorr   .          Rampage  .   c - +0 pair of gloves
Will    .....                   t - +0 pair of boots
Stlth   ++........              (no amulet)
HPRegen 0.25/turn               s - ring "Bound With Me" {Wiz, Fort, Elem} (curse)
MPRegen 0.16/turn               w - ring "Ziotuap" {EV+4 Str+6}

@: no status effects
A: no striking features
a: Renounce Religion, Shatter the Chains


You were on level 9 of the Dungeon.
You worshipped Ashenzari.
Ashenzari was aware of your devotion.
You visited 2 branches of the dungeon, and saw 10 of its levels.

You collected 465 gold pieces.

Inventory:

Hand Weapons
 e - the cursed +4 dagger "Ruined Limitation" (weapon) {elec, Alch, Elem}
   (You took it off a kobold on level 1 of the Dungeon)

   It occasionally discharges a powerful burst of electricity upon striking a
   foe.
   It has a curse which improves the following skills: Alchemy: Poison Magic and
   Transmutations.
   Elements:  Fire Magic, Ice Magic, Air Magic and Earth Magic.
 h - a +0 short sword of speed
Missiles
 y - a throwing net
 I - 5 curare-tipped darts
Armour
 a - a +0 robe (worn)
 c - a +0 pair of gloves (worn)
 f - the +2 leather armour "Tueth" {Slay+3}
   (You found it on level 4 of the Dungeon)

   Slay:      It affects your accuracy & damage with ranged weapons and melee
   (+3).
 t - a +0 pair of boots (worn)
 z - a +0 helmet (worn)
Magical Staves
 n - a staff of poison
Jewellery
 s - the cursed ring "Bound With Me" (left hand) {Wiz, Fort, Elem}
   (You found it on level 4 of the Dungeon)

   [ring of wizardry]

   It improves your spell success rate.
   It has a curse which improves the following skills: Fortitude: Armour and
   Shields.
   Elements:  Fire Magic, Ice Magic, Air Magic and Earth Magic.
 w - the ring "Ziotuap" (right hand) {EV+4 Str+6}
   (You found it on level 5 of the Dungeon)

   [ring of evasion]

   EV:        It affects your evasion (+4).
   Str:       It affects your strength (+6).
 F - a ring of positive energy
Wands
 b - a wand of iceblast (6)
 l - a wand of flame (43)
 m - a wand of digging (2)
 x - a wand of polymorph (2)
 B - a wand of paralysis (3)
 D - a wand of acid (2)
Scrolls
 d - 2 scrolls of teleportation
 q - a scroll of enchant weapon
 r - a scroll of vulnerability
 u - a scroll of fog
Potions
 i - 5 potions of attraction
 j - a potion of might
 k - 7 potions of brilliance
 o - 2 potions of resistance
 v - 2 potions of lignification
 A - a potion of haste
 C - 2 potions of invisibility
 G - a potion of curing {@q1}
 H - a potion of cancellation


   Skills:
 * Level 9.1 Fighting
 - Level 1.5 Dodging
 - Level 1.5 Stealth
 + Level 6.0 Spellcasting
 - Level 5.0 Conjurations
 + Level 10.8(12.1) Fire Magic


You had 9 spell levels left.
You knew the following spells:

 Your Spells              Type           Power      Damage    Failure   Level
a - Foxfire               Conj/Fire      100%       2x1d9     1%          1
b - Scorch                Fire           100%       2d10      1%          2
c - Conjure Flame         Conj/Fire      38%        6-21      1%          3
d - Flame Wave            Conj/Fire      38%        2d9       1%          4
e - Blink                 Tloc           10%        N/A       7%          2

Your spell library contained the following spells:

 Spells                   Type           Power      Damage    Failure   Level
 Inner Flame              Hex/Fire       28%        N/A       1%          3
 Slow                     Hex            20%        N/A       4%          1
 Confusing Touch          Hex            5%         N/A       13%         3
 Gell's Gravitas          Tloc           5%         N/A       13%         3
 Lesser Beckoning         Tloc           5%         N/A       13%         3
 Teleport Other           Tloc           5%         N/A       13%         3
 Vampiric Draining        Necr           5%         2d6       13%         3
 Manifold Assault         Tloc           5%         N/A       73%         5
 Storm Form               Tmut/Air       3%         N/A       100%        7


Dungeon Overview and Level Annotations

Branches:
Dungeon (9/15)             Temple (1/1) D:5
   Lair: D:8-11         Orc: D:9-12

Altars:
Ashenzari
Cheibriados
Dithmenos
Elyvilon
Fedhas
Gozag
Hepliaklqana
Makhleb
Nemelex Xobeh
Okawaru
Qazlal
Ru
Sif Muna
Trog
Uskayaw
Vehumet
Wu Jian
Xom
Zin
The Shining One


Message History

The helpless boulder beetle fails to defend itself.
You hit the boulder beetle.
The boulder beetle is heavily wounded.
The helpless boulder beetle fails to defend itself.
You hit the boulder beetle but do no damage.
The boulder beetle is heavily wounded.
The helpless boulder beetle fails to defend itself.
You hit the boulder beetle.
Lightning courses through the boulder beetle!
The boulder beetle is heavily wounded.
The helpless boulder beetle fails to defend itself.
You hit the boulder beetle.
The boulder beetle is severely wounded.
The helpless boulder beetle fails to defend itself.
You hit the boulder beetle but do no damage.
The boulder beetle is severely wounded.
The boulder beetle is no longer paralysed.
The boulder beetle bites you.
You hit the boulder beetle but do no damage.
Lightning courses through the boulder beetle!
The boulder beetle is almost dead.
The boulder beetle bites you!
You hit the boulder beetle.
The boulder beetle is almost dead.
The boulder beetle bites you.
You hit the boulder beetle but do no damage.
The boulder beetle is almost dead.
The boulder beetle bites you!
* * * LOW HITPOINT WARNING * * *
Casting: Scorch (safe; 1% risk of failure)
Confirm with . or Enter, or press ? or * to list all spells.
Flames lash the boulder beetle but do no damage.
The boulder beetle bites you!
* * * LOW HITPOINT WARNING * * *
Unknown command.
Casting: Scorch (safe; 1% risk of failure)
Confirm with . or Enter, or press ? or * to list all spells.
Flames lash the boulder beetle but do no damage.
The boulder beetle bites you!
You die...

....# #..# .........#.
....#
##.####.......#.(
....# #..#
#.........!#
....###.## #......<..#
....##..####.........#
.....................#
..........##.........#
...........#....$...##
................@....#
.#..............B###.#
.##.......##†###......
........#............
....###......>B..###.
<....#....##.##..#
.........###.##..#
.............##....
....####.###.## ...


You could see a boulder beetle.

Vanquished Creatures
  A two-headed ogre (D:7)
  Prince Ribbit (D:7)
  A hornet (D:8)
  Edmund (D:5)
  An acid dragon (D:9)
  Duvessa (D:6)
  2 water moccasins (D:7)
  2 orc warriors
  A sky beast (D:6)
  A black bear (D:7)
  3 centaurs
  3 ogres
  2 kobold brigands
  A necrophage (D:6)
  2 bullfrogs
  A gnoll sergeant (D:5)
  5 wights (D:9)
  A scorpion (D:4)
  Dowan (D:6)
  16 killer bees
  2 howler monkeys
  4 orc priests
  A hound (D:5)
  A jelly (D:5)
  4 iguanas
  Ijyb (D:5)
  5 hell rats (D:8)
  7 orc wizards
  9 adders
  7 gnolls
  5 river rats
  2 white imps
  An ufetubus (D:5)
  A worm (D:3)
  A dart slug (D:3)
  20 orcs
  3 endoplasms
  5 giant cockroaches
  7 hobgoblins
  8 quokkas
  12 ball pythons
  8 bats
  2 frilled lizards
  6 goblins
  8 kobolds
  23 rats
200 creatures vanquished.

Vanquished Creatures (others)
  74 foxfires
74 creatures vanquished.

Grand Total: 274 creatures vanquished

Notes
Turn   | Place    | Note
-------+----------+-------------------------------------------
     0 | D:1      | benadryl the Hill Orc Fire Elementalist began the quest for
                  | the Orb.
     0 | D:1      | Reached XP level 1. HP: 14/14 MP: 3/3
   226 | D:1      | Found a faded altar of an unknown god.
   291 | D:1      | Reached XP level 2. HP: 19/20 MP: 4/4
   541 | D:1      | Reached skill level 4 in Fire Magic
   810 | D:2      | Reached XP level 3. HP: 5/26 MP: 0/6
  1116 | D:2      | Learned a level 2 spell: Scorch
  2031 | D:3      | Reached XP level 4. HP: 23/33 MP: 4/7
  2181 | D:3      | Reached skill level 5 in Fire Magic
  2753 | D:4      | Found a blossoming altar of Fedhas.
  2755 | D:4      | Noticed a scorpion
  2792 | D:3      | Reached XP level 5. HP: 15/38 MP: 2/8
  3232 | D:4      | Identified the +2 leather armour "Tueth" {Slay+3}
  3742 | D:4      | Learned a level 3 spell: Conjure Flame
  3828 | D:5      | Entered Level 5 of the Dungeon
  3960 | D:5      | Noticed an ogre
  3965 | D:5      | Killed an ogre
  3966 | D:5      | Reached skill level 6 in Fire Magic
  3966 | D:5      | Reached XP level 6. HP: 45/45 MP: 5/10
  4360 | D:5      | Identified the ring "Ziotuap" {EV+4 Str+6}
  4426 | D:5      | Noticed Edmund
  4438 | D:5      | Killed Edmund
  4439 | D:5      | Reached XP level 7. HP: 50/50 MP: 0/11
  4593 | D:5      | Noticed Ijyb
  4600 | D:5      | Reached skill level 7 in Fire Magic
  4662 | D:5      | Killed Ijyb
  4838 | D:5      | Found a staircase to the Ecumenical Temple.
  4848 | Temple   | Entered the Ecumenical Temple
  4938 | Temple   | Became a worshipper of Ashenzari the Shackled
  5141 | D:6      | You fall into a shaft and drop 1 floor!
  5164 | D:7      | Found a white marble altar of Elyvilon.
  5166 | D:7      | Found a hazy altar of Hepliaklqana.
  5166 | D:7      | Found a glowing silver altar of Zin.
  5168 | D:7      | Found a burning altar of Makhleb.
  5168 | D:7      | Found a sparkling altar of Nemelex Xobeh.
  5171 | D:7      | Found a blossoming altar of Fedhas.
  5173 | D:7      | Found a bloodstained altar of Trog.
  5173 | D:7      | Found a shadowy altar of Dithmenos.
  5995 | D:6      | Reached XP level 8. HP: 57/57 MP: 8/13
  6082 | D:5      | Learned a level 4 spell: Flame Wave
  6745 | D:6      | Reached skill level 8 in Fire Magic
  6777 | D:6      | Noticed Dowan
  6780 | D:6      | Noticed Duvessa
  7355 | D:6      | Killed Dowan
  7372 | D:6      | Killed Duvessa
  7938 | D:7      | Reached skill level 9 in Fire Magic
  7995 | D:7      | Reached skill level 1 in Fighting
  8003 | D:7      | Reached XP level 9. HP: 16/68 MP: 2/15
  8011 | D:7      | Reached skill level 5 in Conjurations
  9330 | D:7      | Noticed a two-headed ogre
  9345 | D:7      | Killed a two-headed ogre
  9346 | D:7      | Reached skill level 5 in Fighting
  9346 | D:7      | Reached skill level 5 in Spellcasting
  9814 | D:8      | Noticed Prince Ribbit
  9826 | D:7      | Killed Prince Ribbit
  9827 | D:7      | Reached skill level 10 in Fire Magic
  9978 | D:7      | Learned a level 2 spell: Blink
 10353 | D:8      | Noticed a hornet
 10357 | D:8      | Killed a hornet
 10358 | D:8      | Reached XP level 10. HP: 71/86 MP: 0/18
 10667 | D:8      | Reached * piety under Ashenzari
 11201 | D:8      | HP: 4/82 [hell rat (9)]
 13948 | D:9      | Noticed a boulder beetle
 13977 | D:9      | Slain by a boulder beetle

Illustrated notes

Levels and vault maps discovered:
D:1:      minmay_arrival_arboretum_large, layout_basic,
          shapermc_ecumenical_altar_pompeii
D:2:      layout_loops_ring
D:3:      layout_basic
D:4:      layout_cave_pods, serial_park, serial_park_paths
          [serial_park_minivault_5x5_8], serial_park_square2,
          serial_park_square1 [serial_park_minivault_5x5_4], serial_park_square2
D:5:      layout_cave_pools, minmay_temple_entry_poolview, uniq_edmund,
          uniq_ijyb
D:6:      layout_loops_ring, uniq_duvessa
D:7:      layout_cave_pools, grunt_temple_overflow_open,
          kennysheep_generic_room_9
D:8:      lemuel_ratsnest, layout_loops_ring, minmay_misc_feat_more_columns,
          uniq_prince_ribbit1
D:9:      layout_rooms
Temple:   eino_narrow_crystal_temple

Skill      XL: |  1  2  3  4  5  6  7  8  9 10 |
---------------+-------------------------------+-----
Fire Magic     | 4 5 6 7 9 10 | 10.8
Spellcasting   | 2 3 4 5 6 |  6.0
Conjurations   | 2 3 4 5 |  5.0
Fighting       | 2 7 9 |  9.1
Dodging        | |  1.5
Stealth        | |  1.5

Action                   |  1- 3 |  4- 6 |  7- 9 | 10-12 || total
-------------------------+-------+-------+-------+-------++-------
Melee: Dagger            |    73 |    56 |    76 |   106 ||   311
       Unarmed           |     3 |       |       |       ||     3
       Punch             |       |     1 |     1 |     1 ||     3
 Cast: Foxfire           |    13 |    14 |    13 |     1 ||    41
       Scorch            |     7 |    20 |   102 |    76 ||   205
       Flame Wave        |       |       |    24 |     3 ||    27
       Conjure Flame     |       |       |     5 |     5 ||    10
Invok: Curse Item        |       |       |     1 |     1 ||     2
Evoke: Wand              |       |       |     6 |     4 ||    10
  Use: Scroll            |     3 |     7 |     6 |     2 ||    18
       Potion            |       |     2 |     9 |     1 ||    12
 Stab: Sleeping          |     3 |     4 |       |       ||     7
       Paralysed         |       |       |       |     9 ||     9
       Distracted        |       |       |       |     1 ||     1
Armor: Robe              |    19 |    21 |    37 |    34 ||   111
Dodge: Dodged            |    81 |    71 |   208 |   168 ||   528

Table legend: (Time is in decaauts)
 A = Elapsed time spent in this place.
 B = Non-inter-level travel time spent in this place.
 C = Inter-level travel time spent in this place.
 D = Time resting spent in this place.
 E = Time spent auto-exploring this place.
 F = Levels seen in this place.
 G = Mean time per level.
                   A        B        C        D        E       F      G
               +--------+--------+--------+--------+--------+-----+--------+
         Total |  14001 |  13635 |    366 |   6402 |   5521 |  10 | 1400.1 |
       Dungeon |  13896 |  13602 |    294 |   6402 |   5521 |   9 | 1544.0 |
        Temple |    105 |     33 |     72 |      0 |      0 |   1 |  105.0 |
               +--------+--------+--------+--------+--------+-----+--------+

Top non-repeatable levels by time:
     D:5: 2617 daAuts
     D:7: 2472 daAuts
     D:6: 2262 daAuts
     D:8: 1992 daAuts
     D:3: 1153 daAuts
     D:2: 1122 daAuts
     D:4: 808 daAuts
     D:1: 772 daAuts
     D:9: 694 daAuts
  Temple: 105 daAuts
